 Dungeon Crawl Stone Soup version 0.31-a0-978-g1e143483b6 (webtiles) character file.

Game seed: 746774441599862563

19267 p00ps00p the Cleaver (level 12, -15/113 HPs)
             Began as a Hill Orc Fighter on Oct 31, 2023.
             Was an Initiate of Gozag.
             Demolished by a catoblepas (28 damage)
             ... on level 3 of the Lair of Beasts.
             The game lasted 00:26:16 (15685 turns).

p00ps00p the Cleaver (Hill Orc Fighter)            Turns: 15685, Time: 00:26:16

Health: -15/113    AC: 13    Str: 24    XL:     12   Next: 67%
Magic:  12/12      EV: 15    Int:  8    God:    Gozag
Gold:   584        SH: 12    Dex: 12    Spells: 11/11 levels left

rFire   . . .        B - +7 hand axe (flame)
rCold   . . .        c - +0 buckler
rNeg    + . .        b - +1 scale mail
rPois   .            g - +0 helmet "Omuh" {Rampage rF+ Dex+2}
rElec   .            y - +0 cloak
rCorr   .            (no gloves)
SInv    +            (no boots)
Will    .....        s - amulet of Ywia {Reflect rF- rN+ Slay+2 SH+5} Stlth
                     h - +5 ring of evasion
HPRegen 0.38/turn    q - ring of see invisible
MPRegen 0.13/turn

%: reflection, rampage
@: no status effects
A: no striking features
a: Renounce Religion, Potion Petition, Call Merchant, Bribe Branch


You were on level 3 of the Lair of Beasts.
You worshipped Gozag.
Gozag was pleased with you.
You visited 3 branches of the dungeon, and saw 14 of its levels.
You also visited: Ossuary.

You collected 2857 gold pieces.
You spent 639 gold pieces at shops.
You paid 1634 gold pieces to Gozag.

Inventory:

Hand Weapons
 a - a +1 war axe of protection
 B - a +7 hand axe of flaming (weapon)
Missiles
 k - a throwing net
 o - 3 curare-tipped darts (quivered)
Armour
 b - a +1 scale mail (worn)
 c - a +0 buckler (worn)
 g - the +0 helmet "Omuh" (worn) {Rampage rF+ Dex+2}
   (You took it off Robin on level 2 of the Dungeon)

   Dex+2:     It affects your dexterity (+2).
   rF+:       It protects you from fire.
   Rampage:   It bestows one free step when moving towards enemies.
 y - a +0 cloak (worn)
Jewellery
 h - a +5 ring of evasion (left hand)
 q - a ring of see invisible (right hand)
 s - the amulet of Ywia (around neck) {Reflect rF- rN+ Slay+2 SH+5}
   (You bought it in a shop on level 2 of the Lair of Beasts)

   [amulet of reflection]

   Reflect:   It reflects blocked missile attacks.
   Slay+2:    It affects your accuracy & damage with ranged weapons and melee
   (+2).
   rF-:       It makes you vulnerable to fire.
   rN+:       It protects you from negative energy.
   SH+5:      It affects your SH (+5).
 A - the Hermit's Pendant {Faith Invo=14 Evo=0 MP+5}
   (You found it on level 7 of the Dungeon)

   [amulet of faith]

   Invo=14: It sets your Invocations skill to 14.
   Evo=0: It sets your Evocations skill to 0.
   Faith:     It allows you to gain divine favour quickly.
   MP+5:      It affects your magic capacity (+5).
Wands
 D - a wand of iceblast (16)
 F - a wand of charming (12)
 I - a wand of flame (12)
 K - a wand of quicksilver (2)
Scrolls
 n - 5 scrolls of immolation
 u - a scroll of revelation
 v - 3 scrolls of teleportation
 E - a scroll of brand weapon
 H - a scroll of vulnerability
 L - a scroll of enchant weapon
Potions
 d - 3 potions of enlightenment
 e - 4 potions of haste
 f - a potion of berserk rage
 i - 2 potions of magic
 l - 2 potions of mutation
 p - 4 potions of curing
 r - 3 potions of attraction
 t - a potion of cancellation {unknown}
 w - 2 potions of ambrosia
 C - a potion of brilliance
 G - a potion of resistance {unknown}


   Skills:
 + Level 12.8 Fighting
 + Level 13.6 Axes
 + Level 11.8 Armour
 + Level 11.8 Shields


You had 11 spell levels left.
You didn't know any spells.
Your spell library contained the following spells:

 Spells                   Type           Power      Damage    Failure   Level
 Sublimation of Blood     Necr           0%         N/A       83%         2
 Wereblood                Tmut           0%         N/A       83%         2
 Inner Flame              Hex/Fire       0%         N/A       96%         3
 Brom's Barrelling Bould  Conj/Erth      0%         2d3       100%        4
 Flame Wave               Conj/Fire      0%         2d4       100%        4
 Sticky Flame             Conj/Fire      0%         2d3       100%        4
 Fireball                 Conj/Fire      0%         3d3       100%        5
 Iskenderun's Battlesphe  Conj           0%         2d6       100%        5
 Conjure Ball Lightning   Conj/Air       0%         3x3d6     100%        6
 Orb of Destruction       Conj           0%         9d5       100%        7
 Summon Hydra             Summ           0%         N/A       100%        7


Dungeon Overview and Level Annotations

Branches:
Dungeon (10/15)            Temple (0/1) D:7            Lair (3/5) D:10
 Shoals (0/4) Lair:2        Snake (0/4) Lair:2          Orc (1/2) D:10
Ossuary (visited)

Altars:
Cheibriados
Dithmenos
Elyvilon
Gozag
Hepliaklqana
Kikubaaqudgha
Makhleb
Qazlal
Ru
Sif Muna
Uskayaw
Vehumet
Xom
Yredelemnul
Zin
The Shining One
Beogh

Shops:
D:1 (   D:2 !?!   D:3 :   D:4 :   D:6 (   D:9 (   Lair:2 =

Annotations:
Orc:1 Jorgrun


Message History

You are engulfed in calcifying dust.
The catoblepas gores you.
You turn to flesh and can move again.
You hit the catoblepas but do no damage.
The catoblepas is heavily wounded.
You are engulfed in calcifying dust.
You are slowing down.
The catoblepas smashes its foot into the ground.
The catoblepas misses you. The catoblepas gores you!!
Your limbs are stiffening.
Aiming: Quicksilver Bolt
Press: ? - help, Q - select action, (/) - cycle Shift-Dir - straight line, f - catoblepas
Aim: a catoblepas (heavily wounded, 100% to hit)
The bolt of dispelling energy hits the catoblepas!
The catoblepas is heavily wounded.
The bolt of dispelling energy hits the plant!
The plant begins to die.
The plant is lightly damaged.
You block the catoblepas's attack. x2; You have turned to stone.
The catoblepas gores you!
* * * LOW HITPOINT WARNING * * *
The catoblepas breathes a plume of calcifying dust at you.
The blast of calcifying dust hits you.
* * * LOW HITPOINT WARNING * * *
You are engulfed in calcifying dust.
A nearby plant withers and dies.
The catoblepas gores you but does no damage.
You are engulfed in calcifying dust.
The catoblepas gores you but does no damage.
You are engulfed in calcifying dust.
The catoblepas gores you!!
* * * LOW HITPOINT WARNING * * *
You are engulfed in calcifying dust.
The catoblepas gores you!
* * * LOW HITPOINT WARNING * * *
The catoblepas breathes a plume of calcifying dust at you.
The blast of calcifying dust hits you.
* * * LOW HITPOINT WARNING * * *
You are engulfed in calcifying dust.
The catoblepas completely misses you.
You turn to flesh and can move again.
The catoblepas attacks as it pursues you!
The catoblepas gores you!!
You die...
Your body crumbles into a pile of gold.

###....###.......#
#.P...###........# #P....#
##....#### ##....## #....#
##.....# #...### ......##
#...#.# #### ..
##....P.##...#.####P.P#...
.........#................
.......###......@Y........
.......###................
..P###.##.................
.### ####...........###..
.# #...).$....## . .....
#..........# .....
#...........# .....
#............# .....
##..........P#


You could see a catoblepas.

Vanquished Creatures
  Erica (Lair:1)
  A hydra (Lair:2)
  A two-headed ogre (D:7)
  2 death yaks (Lair:3)
  A lindwurm (Lair:2)
  A black mamba (Lair:1)
  A merfolk siren (Lair:2)
  3 cane toads
  A kobold demonologist (D:9)
  A torpor snail (Lair:3)
  A gargoyle (D:10)
  3 unseen horror zombies (D:9)
  3 komodo dragons (Lair:1)
  A hornet (D:9)
  3 merfolk (Lair:2)
  2 trolls
  Sigmund (D:3)
  2 shadows
  2 wyverns
  20 yaks
  3 chaos spawn (D:8)
  3 nagas (Lair:2)
  An acid dragon (D:8)
  6 water moccasins
  3 orc warriors
  A swamp drake (D:10)
  2 sky beasts (D:7)
  An ice beast (D:7)
  3 black bears
  2 ogres
  A centaur (D:6)
  4 wolves (Lair:1)
  2 phantoms (D:5)
  10 bullfrogs
  2 necrophages (D:9)
  6 water moccasin zombies (Ossuary)
  13 wights
  15 killer bees
  2 howler monkeys
  3 electric eels (D:10)
  3 centaur zombies (D:9)
  A gnoll bouda (D:5)
  3 hounds
  11 orc priests
  A human zombie (D:9)
  Jessica (D:3)
  Natasha (thrice) (D:3)
  Terence (D:2)
  2 iguanas (D:5)
  15 orc wizards
  2 mummies (Ossuary)
  A howler monkey zombie (D:9)
  Robin (D:2)
  10 adders
  10 gnolls
  A white imp (D:7)
  6 ufetubi (D:6)
  5 adder zombies (Ossuary)
  A dart slug (D:2)
  44 orcs
  7 ball pythons
  2 bats (D:2)
  6 endoplasms
  2 gnoll zombies (Ossuary)
  9 hobgoblins
  3 jackals (D:2)
  3 frilled lizards
  20 goblins
  7 hobgoblin zombies (Ossuary)
  3 kobolds
  7 kobold zombies (Ossuary)
  3 orc zombies (Ossuary)
  4 rats
332 creatures vanquished.

Vanquished Creatures (others)
  A warg (Orc:1)
1 creature vanquished.

Grand Total: 333 creatures vanquished

Notes
Turn   | Place    | Note
-------+----------+-------------------------------------------
     0 | D:1      | p00ps00p the Hill Orc Fighter began the quest for the Orb.
     0 | D:1      | Reached XP level 1. HP: 19/19 MP: 1/1
    80 | D:1      | Found Isa Miew's Weapon Shop.
   214 | D:1      | Reached skill level 3 in Axes
   214 | D:1      | Reached XP level 2. HP: 27/27 MP: 2/2
   848 | D:2      | Noticed Terence
   854 | D:2      | Killed Terence
   855 | D:2      | Reached XP level 3. HP: 33/33 MP: 3/3
   988 | D:2      | Found Gaocvyr's Distillery.
  1030 | D:2      | Identified the +0 helmet "Omuh" {Rampage rF+ Dex+2}
  1030 | D:2      | Noticed Robin
  1040 | D:2      | Killed Robin
  1041 | D:2      | Reached XP level 4. HP: 22/40 MP: 4/4
  1582 | D:2      | Found Bitz's Distillery.
  1679 | D:2      | Found Fuck's Magic Scroll Boutique.
  1918 | D:3      | Noticed Jessica
  1919 | D:3      | Found a shimmering blue altar of Sif Muna.
  1921 | D:3      | Killed Jessica
  1922 | D:3      | Reached skill level 4 in Axes
  1922 | D:3      | Reached XP level 5. HP: 47/47 MP: 5/5
  2047 | D:3      | Found a shimmering altar of Xom.
  2068 | D:3      | Found a sacrificial altar of Ru.
  2104 | D:3      | Noticed Sigmund
  2135 | D:3      | Found Lunufyma's Book Emporium.
  2164 | D:3      | Noticed Natasha
  2167 | D:3      | Killed Natasha
  2309 | D:3      | Killed Sigmund
  2310 | D:3      | Reached skill level 5 in Fighting
  2310 | D:3      | Reached XP level 6. HP: 6/56 MP: 6/6
  2867 | D:3      | Found a stormy altar of Qazlal.
  2867 | D:3      | Noticed Natasha
  2873 | D:3      | Killed Natasha
  2874 | D:3      | Reached skill level 5 in Axes
  2941 | D:3      | Noticed Natasha
  2945 | D:3      | Killed Natasha
  3193 | D:4      | Found a glowing golden altar of the Shining One.
  3226 | D:4      | Found an ancient bone altar of Kikubaaqudgha.
  3226 | D:4      | Found a snail-covered altar of Cheibriados.
  3341 | D:4      | Reached skill level 5 in Armour
  3341 | D:4      | Reached skill level 5 in Shields
  3341 | D:4      | Reached XP level 7. HP: 10/61 MP: 7/7
  3779 | D:4      | Found Myakkupe's Book Shoppe.
  4197 | D:4      | Found a hide-covered altar of Uskayaw.
  4275 | D:5      | Entered Level 5 of the Dungeon
  4461 | D:5      | Reached skill level 6 in Axes
  4503 | D:5      | Reached XP level 8. HP: 27/71 MP: 8/8
  5440 | D:6      | Found an opulent altar of Gozag.
  5449 | D:6      | Became a worshipper of Gozag Ym Sagoz the Greedy
  5491 | D:6      | Reached skill level 7 in Axes
  5529 | D:6      | Found a sand-covered staircase.
  5534 | Ossuary  | Entered an ossuary
  5722 | Ossuary  | Reached XP level 9. HP: 79/79 MP: 9/9
  6102 | D:6      | Reached skill level 8 in Axes
  6365 | D:6      | Found Tanui's Weapon Shoppe.
  6616 | D:7      | Identified the +5 falchion of Odamack {venom, Fly rF- Dex+3
                  | SInv}
  6695 | D:7      | Found the Hermit's Pendant {Faith Invo=14 Evo=0 MP+5}
  6730 | D:7      | Found a staircase to the Ecumenical Temple.
  7217 | D:8      | Noticed a two-headed ogre
  7409 | D:7      | Killed a two-headed ogre
  7410 | D:7      | Reached skill level 9 in Axes
  7410 | D:7      | Reached XP level 10. HP: 43/91 MP: 10/10
  8247 | D:8      | Found a glowing silver altar of Zin.
  8332 | D:8      | Found a shadowy altar of Dithmenos.
  8646 | D:8      | Found a shimmering altar of Xom.
  8646 | D:8      | Found the +7 mace of Variability {chaos, chaos arc}
  8665 | D:8      | Reached skill level 10 in Axes
  8850 | D:9      | Found a white marble altar of Elyvilon.
  8943 | D:9      | Found a hazy altar of Hepliaklqana.
  9121 | D:9      | Reached skill level 10 in Fighting
  9756 | D:9      | Found a basalt altar of Yredelemnul.
  9788 | D:9      | Reached skill level 11 in Axes
  9788 | D:9      | Reached XP level 11. HP: 90/101 MP: 11/11
 10085 | D:9      | Found a radiant altar of Vehumet.
 10144 | D:10     | Entered Level 10 of the Dungeon
 10310 | D:10     | Found a staircase to the Lair.
 10415 | D:10     | Reached skill level 10 in Shields
 10416 | D:10     | Reached skill level 10 in Armour
 10496 | D:10     | Found a staircase to the Orcish Mines.
 11124 | D:10     | Found a burning altar of Makhleb.
 11378 | Gauntlet | Identified the of Baituogi
 11378 | Orc:1    | Entered Level 1 of the Orcish Mines
 11378 | Orc:1    | Found a roughly hewn altar of Beogh.
 11392 | Orc:1    | Noticed Jorgrun
 11919 | Lair:1   | Entered Level 1 of the Lair of Beasts
 12253 | Lair:1   | Noticed Erica
 12272 | Lair:1   | Killed Erica
 12273 | Lair:1   | Reached skill level 12 in Axes
 12915 | Lair:1   | Identified the +9 dagger "Rumoobbiv" {flame, Fragile rF++
                  | rC- Stlth+}
 13471 | Lair:2   | Noticed a seven-headed hydra
 13485 | Lair:2   | Reached XP level 12. HP: 108/112 MP: 12/12
 13490 | Lair:2   | Killed a one-headed hydra
 13880 | Lair:2   | Found a staircase to the Shoals.
 14250 | Lair:2   | Reached skill level 13 in Axes
 14437 | Lair:2   | Bought the amulet of Ywia {Reflect rF- rN+ Slay+2 SH+5} for
                  | 639 gold pieces
 14876 | Lair:2   | Found a staircase to the Snake Pit.
 15260 | Lair:3   | Noticed a death yak
 15261 | Lair:3   | Noticed a death yak
 15280 | Lair:3   | Killed a death yak
 15283 | Lair:3   | Killed a death yak
 15648 | Lair:3   | Noticed a catoblepas
 15685 | Lair:3   | Demolished by a catoblepas

Illustrated notes

Levels and vault maps discovered:
D:1:      minmay_arrival_jagged, layout_loops_ring, serial_shops,
          nicolae_shop_bloodbath_and_beyond, minmay_domino_4
D:2:      layout_loops_corners, serial_shops, shop, shop,
          nicolae_shop_gibbet_a_chance, uniq_terence, uniq_robin
D:3:      layout_loops_cross, mainiacjoe_overflow_boulevard,
          nicolae_qazlal_eye_of_the_storm, xom_butterflies,
          mainiacjoe_overflow_catwalk, serial_shops, shop,
          minmay_goblin_outpost, uniq_natasha, uniq_jessica, uniq_sigmund
D:4:      layout_loops_ring, eat_drink_and_be_merry_uskayaw,
          gammafunk_temple_overflow_forgotten, serial_shops, shop,
          hangedman_decor_push, kennysheep_cluttered_room
D:5:      layout_basic
D:6:      layout_loops_ring, grunt_gozag_statues, serial_shops, shop,
          nicolae_ossuary_entry_plus
D:7:      layout_basic, minmay_temple_entry_proselytizer
D:8:      layout_basic, zin_scriptorium, nicolae_dithmenos_the_darkroom,
          minmay_guarded_unrand_variability
D:9:      layout_gridville, lemuel_mausoleum_altar_yredelemnul,
          lemuel_doored_altar, mainiacjoe_overflow_paths,
          mainiacjoe_overflow_alcove_1
D:10:     layout_basic, bloody_makhleb, lair_entry_dummy, erik_orc_1
Lair:1:   layout_small_grid, uniq_amaemon, uniq_erica
Lair:2:   layout_chaotic_city, elwin_shoals_entry_stream,
          nicolae_snake_entry_squirm, infiniplex_staircase_pool_2
Lair:3:   layout_cellular_growth, nicolae_lair_lindhole
Orc:1:    layout_caves, basic_altar, uniq_jorgrun, uniq_snorg

Skill      XL: |  1  2  3  4  5  6  7  8  9 10 11 12 |
---------------+-------------------------------------+-----
Axes           | 3 4 5 6 7 9 11 12 13 | 13.6
Fighting       | 4 5 6 7 9 10 11 12 | 12.8
Armour         | 4 5 6 8 9 10 11 | 11.8
Shields        | 4 5 6 8 9 10 11 | 11.8

Action                     |  1- 3 |  4- 6 |  7- 9 | 10-12 || total
---------------------------+-------+-------+-------+-------++-------
  Melee: War axe           |    57 |   103 |   399 |       ||   559
         Hand axe          |       |       |    24 |   560 ||   584
  Throw: Dart              |       |       |       |     2 ||     2
 Invoke: Call Merchant     |       |       |       |     2 ||     2
  Evoke: Wand              |       |       |       |     6 ||     6
    Use: Scroll            |     2 |     5 |     9 |     5 ||    21
         Potion            |       |     2 |       |     7 ||     9
   Stab: Distracted        |       |       |     1 |     3 ||     4
 Armour: Scale mail        |    31 |    56 |   205 |   279 ||   571
  Dodge: Dodged            |    48 |    71 |   308 |   260 ||   687
  Block: Buckler           |    13 |    22 |   112 |   141 ||   288
         Reflection        |       |       |       |     1 ||     1

Table legend: (Time is in decaauts)
 A = Elapsed time spent in this place.
 B = Non-inter-level travel time spent in this place.
 C = Inter-level travel time spent in this place.
 D = Time resting spent in this place.
 E = Time spent auto-exploring this place.
 F = Levels seen in this place.
 G = Mean time per level.
                   A        B        C        D        E       F      G
               +--------+--------+--------+--------+--------+-----+--------+
         Total |  15693 |  15278 |    415 |   4082 |   8572 |  15 | 1046.2 |
       Dungeon |  11577 |  11198 |    379 |   2648 |   6725 |  10 | 1157.7 |
          Lair |   3701 |   3666 |     35 |   1334 |   1846 |   3 | 1233.7 |
  Orcish Mines |     33 |     33 |      0 |      0 |      0 |   1 |   33.0 |
       Ossuary |    379 |    379 |      0 |    100 |      0 |   1 |  379.0 |
               +--------+--------+--------+--------+--------+-----+--------+

Top non-repeatable levels by time:
  Lair:2: 1767 daAuts
    D:10: 1741 daAuts
  Lair:1: 1391 daAuts
     D:3: 1299 daAuts
     D:9: 1279 daAuts
     D:7: 1224 daAuts
     D:4: 1124 daAuts
     D:2: 1119 daAuts
     D:5: 1119 daAuts
     D:8: 1001 daAuts
     D:6: 886 daAuts
     D:1: 781 daAuts
  Lair:3: 542 daAuts
 Ossuary: 379 daAuts
   Orc:1: 33 daAuts
